 Dungeon Crawl Stone Soup version 0.25-a0-829-g4e6a552925 (webtiles) character file.

Game seed: 6761383819609612472, levelgen mode: classic

2403 EnegeticOcto the Chopper (level 9, -1/85 HPs)
             Began as a Deep Dwarf Fighter on Apr 21, 2020.
             Was a Believer of Makhleb.
             Slain by a slime creature (6 damage)
             ... on level 7 of the Dungeon.
             The game lasted 00:02:52 (2748 turns).

EnegeticOcto the Chopper (Deep Dwarf Fighter)       Turns: 2748, Time: 00:02:53

Health: -1/85      AC: 13    Str: 24    XL:     9   Next: 23%
Magic:  0/0        EV:  6    Int:  8    God:    Makhleb [**....]
Gold:   317        SH: 10    Dex: 12    Spells: 8/8 levels left

rFire    . . .     SeeInvis .   a - +0 war axe
rCold    . . .     Gourm    .   c - +0 kite shield
rNeg     . . .     Faith    .   m - +0 chain mail
rPois    .         Spirit   .   (no helmet)
rElec    .         Reflect  .   (no cloak)
rCorr    .         Harm     .   l - +2 pair of gloves
MR       +....                  (no boots)
Stlth    ..........             (no amulet)
HPRegen  0.00/turn              (no ring)
MPRegen  0.07/turn              (no ring)

@: non-regenerating
A: damage resistance, heal wounds, sense surroundings 2, no regeneration
a: Heal Wounds, Minor Destruction, Renounce Religion


You were on level 7 of the Dungeon.
You worshipped Makhleb.
Makhleb was pleased with you.
You were not hungry.

You visited 2 branches of the dungeon, and saw 8 of its levels.

You collected 317 gold pieces.

Inventory:

Hand Weapons
 a - a +0 war axe (weapon)
Armour
 c - a +0 kite shield (worn)
 l - a +2 pair of gloves (worn)
 m - a +0 chain mail (worn)
Wands
 i - a wand of iceblast (12)
 o - a wand of paralysis (9)
Scrolls
 b - 4 scrolls of remove curse {@r6}
 d - 5 scrolls of teleportation {@r2}
 g - 2 scrolls of identify {@r1}
 h - a scroll of magic mapping {@r5}
 j - a scroll of blinking {@r3}
Potions
 f - 4 potions of heal wounds {@q2}
 k - 2 potions of might {@q3}
 n - a potion of haste {@q4}
 q - 6 potions of brilliance
 r - a potion of berserk rage
 s - 2 potions of flight
 t - a potion of cancellation
Comestibles
 e - 17 rations
 p - 8 chunks of flesh


   Skills:
 * Level 6.6 Fighting
 * Level 7.5 Axes
 + Level 6.0 Armour
 + Level 5.9 Shields
 * Level 6.5 Invocations


You had 8 spell levels left.
You didn't know any spells.
Your spell library was empty.

Dungeon Overview and Level Annotations

Branches:
Dungeon (7/15)             Temple (1/1) D:5

Altars:
Ashenzari
Cheibriados
Dithmenos
Gozag
Hepliaklqana
Kikubaaqudgha
Makhleb
Nemelex Xobeh
Okawaru
Qazlal
Ru
Trog
Vehumet
Wu Jian
Xom
Yredelemnul
The Shining One

Annotations:
D:6 exclusion: statue


Innate Abilities, Weirdness & Mutations

You are resistant to damage.
You can heal yourself by infusing magical energy.
You passively map the area around you.
You do not regenerate.


Message History

You are too injured to fight recklessly!
You are too injured to fight recklessly!
You are too injured to fight recklessly!
You feel much better. You block the jackal's attack.
The hound zombie barely misses you. The jackal closely misses you.
The slime creature hits you but does no damage.
The slime creature hits you!
Your magical essence is drained by the effort!
You feel much better. The jackal closely misses you.
You block the jackal's attack. The slime creature hits you!
The slime creature hits you.
A crimson imp comes into view.
The crimson imp shouts!
You slash the slime creature!
The slime creature is almost dead.
You closely miss the jackal. x2; You hit the slime creature.
You hear a shout!
The jackal bites you but does no damage. x2
Two slime creatures merge to form a large slime creature.
You block the jackal's attack. The slime creature hits you!
The jackal bites you but does no damage.
You slash the large slime creature!
The large slime creature is heavily wounded.
You hit the slime creature. You slash the jackal!
You kill the jackal!
Makhleb accepts your kill.
You feel better.
You closely miss the jackal. x2
The jackal bites you but does no damage.
The large slime creature closely misses you.
The jackal bites you but does no damage.
The slime creature hits you!
You are too injured to fight recklessly!
You are too injured to fight recklessly!
You are too injured to fight recklessly!
You are too injured to fight recklessly!
You are too injured to fight recklessly!
You are too injured to fight recklessly!
You are too injured to fight recklessly!
You are too injured to fight recklessly!
You are too injured to fight recklessly!
You are too injured to fight recklessly!
You are too injured to fight recklessly!
You are too injured to fight recklessly!
You are too injured to fight recklessly!
You are too injured to fight recklessly!
You are too injured to fight recklessly!
You are too injured to fight recklessly!
You are too injured to fight recklessly!
You are too injured to fight recklessly!
Two slime creatures merge to form a very large slime creature.
The jackal bites you but does no damage. x2
The slime creature hits you!
The jackal bites you but does no damage.
A very large slime creature splits.
You block the jackal's attack.
The hound zombie bites you but does no damage.
Your chain mail prevents you from hitting the large slime creature.
The large slime creature is heavily wounded.
You slash the hound zombie! You hit the jackal. x2
You hit the slime creature but do no damage.
You hit the slime creature. You block the jackal's attack. x2
The slime creature hits you!
* * * LOW HITPOINT WARNING * * *
You block the hound zombie's attack.
The large slime creature hits you but does no damage.
The jackal bites you but does no damage.
The slime creature hits you. The jackal closely misses you.
The slime creature hits you!
* * * LOW HITPOINT WARNING * * *
The hound zombie bites you but does no damage.
You slash the large slime creature!
The large slime creature is heavily wounded.
You hit the slime creature but do no damage.
You hit the slime creature. You hit the jackal.
You kill the jackal!
Makhleb accepts your kill.
You hit the jackal.
You kill the jackal!
Makhleb accepts your kill.
You feel better.
You barely miss the hound zombie.
The large slime creature hits you but does no damage.
The crimson imp blinks!
You block the hound zombie's attack. The slime creature hits you.
* * * LOW HITPOINT WARNING * * *
The slime creature hits you but does no damage.
The large slime creature hits you!
* * * LOW HITPOINT WARNING * * *
You slash the large slime creature!
The large slime creature is severely wounded.
You hit the hound zombie. You slash the slime creature! x2
The hound zombie barely misses you. The slime creature barely misses you.
You block the slime creature's attack.
The hound zombie bites you but does no damage.
The large slime creature barely misses you.
You slash the large slime creature!
The large slime creature is severely wounded.
You hit the hound zombie. You closely miss the crimson imp.
You hit the slime creature. x2
The slime creature hits you but does no damage.
You block the hound zombie's attack. The slime creature hits you!
You die...

#, .......# , # ≈
#......# * ≈ , , #......#
, , ≈ ,, #.....#### , ,≈
≈ #........., , , , ≈
,,##......##* * , , # ≈
,,#...§†...#... , ##
##...ZJ.....# , .## ,
##...5@J..#...., ).###,
*##.#...†J### * #, ))[.#
##..#.......... , * *
....# #.............., *
....#######.#.....#..?..
*
.........##.......#...$.,
..................#.....
,
........#...............,
.......####.#.....#.. ,


You could see a large slime creature, 2 slime creatures, a crimson imp and a
hound zombie.

Vanquished Creatures
  Pikel (D:6)
  A slime creature (D:7)
  A black bear (D:6)
  An ice beast (D:7)
  4 slaves (D:6)
  2 centaurs
  2 bullfrogs
  A scorpion (D:6)
  3 wights (D:6)
  A howler monkey (D:5)
  5 crimson imps
  2 bullfrog zombies (D:6)
  A hound (D:5)
  A centaur skeleton (D:5)
  A centaur zombie (D:6)
  5 orc priests
  A bullfrog skeleton (D:7)
  6 orc wizards
  Ijyb (D:5)
  An iguana (D:6)
  6 worker ants
  2 hound skeletons (D:6)
  A worker ant zombie (D:5)
  3 gnolls (D:3)
  A howler monkey skeleton (D:6)
  7 adders
  A shadow imp (D:6)
  An ooze (D:3)
  An adder skeleton (D:6)
  A worm (D:3)
  A dart slug (D:2)
  2 leopard geckos (D:6)
  16 orcs
  2 bats
  6 giant cockroaches
  4 goblins
  4 hobgoblins
  7 jackals
  6 kobolds
  2 quokkas
  3 ball pythons
  2 frilled lizards
  A leopard gecko skeleton (D:7)
  7 rats
128 creatures vanquished.

Vanquished Creatures (others)
  An orc wizard (D:6)
1 creature vanquished.

Grand Total: 129 creatures vanquished

Notes
Turn   | Place    | Note
-------+----------+-------------------------------------------
     0 | D:1      | EnegeticOcto the Deep Dwarf Fighter began the quest for the
                  | Orb.
     0 | D:1      | Reached XP level 1. HP: 20/20 MP: 1/1
    86 | D:1      | Reached XP level 2. HP: 24/27 MP: 2/2
   216 | D:2      | Reached XP level 3. HP: 25/34 MP: 3/3
   291 | D:2      | Reached skill level 3 in Axes
   464 | D:3      | Reached XP level 4. HP: 38/42 MP: 3/3
   486 | D:3      | Reached XP level 5. HP: 33/50 MP: 4/4
   504 | D:3      | Reached skill level 4 in Axes
   735 | D:4      | Reached XP level 6. HP: 36/57 MP: 4/4
   815 | D:5      | Entered Level 5 of the Dungeon
   837 | D:5      | Noticed Ijyb
   870 | D:5      | Killed Ijyb
   896 | D:5      | Found a staircase to the Ecumenical Temple.
   906 | Temple   | Entered the Ecumenical Temple
   920 | Temple   | Became a worshipper of Makhleb the Destroyer
   951 | D:5      | Reached skill level 5 in Axes
  1079 | D:5      | Reached skill level 1 in Invocations
  1095 | D:5      | Reached XP level 7. HP: 57/66 MP: 4/4
  1940 | D:6      | Reached skill level 5 in Fighting
  1964 | D:6      | Reached skill level 5 in Armour
  2026 | D:6      | Reached * piety under Makhleb
  2029 | D:6      | Found a basalt altar of Yredelemnul.
  2061 | D:6      | Noticed Pikel
  2066 | D:6      | Reached skill level 5 in Shields
  2066 | D:6      | Reached XP level 8. HP: 58/74 MP: 6/6
  2074 | D:6      | Reached skill level 6 in Axes
  2106 | D:6      | Killed Pikel
  2106 | D:6      | Reached skill level 5 in Invocations
  2207 | D:6      | Found a radiant altar of Vehumet.
  2382 | D:6      | Reached skill level 7 in Axes
  2625 | D:7      | Gained mutation: You passively map the area around you.
                  | [Deep Dwarf growth]
  2625 | D:7      | Reached XP level 9. HP: 52/84 MP: 9/9
  2626 | D:7      | Reached ** piety under Makhleb
  2748 | D:7      | Slain by a slime creature

Levels and vault maps discovered:
D:1:      giann_wishing_wells, layout_loops_ring
D:2:      layout_rooms, dancing_weapons_uskayaw, minmay_ruptured,
          uniq_crazy_yiuf_cottage
D:3:      layout_rooms, lemuel_coloured_pillars_altar, first_ration
D:4:      layout_loops_ring, serial_glass, glass_columns_a, glass_columns_a,
          minmay_snake_closets
D:5:      layout_layer_cave, minmay_temple_entry_offerings, uniq_ijyb
D:6:      layout_rooms, vehumet_statue, yredelemnul_altar_generic,
          abandoned_shop, hex_tiny, minmay_joined_circles, uniq_pikel
D:7:      layout_rooms, tgw_sif
Temple:   lightli_temple_of_artemis

Skill      XL: |  1  2  3  4  5  6  7  8  9 |
---------------+----------------------------+-----
Fighting       | 3 4 5 6 |  6.6
Axes           | 3 4 5 7 |  7.5
Shields        | 4 5 |  5.9
Armour         | 4 5 6 |  6.0
Invocations    | 1 3 6 |  6.5

Action                   |  1- 3 |  4- 6 |  7- 9 || total
-------------------------+-------+-------+-------++-------
Melee: War axe           |    82 |   133 |   264 ||   479
 Abil: Heal Wounds       |     2 |     6 |    22 ||    30
  Use: Scroll            |       |    12 |     3 ||    15
  Eat: Chunk             |       |     1 |     3 ||     4
       Ration            |       |     1 |       ||     1
Armor: Scale mail        |    35 |       |       ||    35
       Chain mail        |    15 |   157 |   240 ||   412
Dodge: Dodged            |    27 |    41 |    85 ||   153
Block: Kite shield       |    55 |   113 |   231 ||   399

Table legend:
 A = Non-vault XP
 B = Vault XP
 C = Vault XP percentage of total XP
 D = Non-vault monster count
 E = Vault monster count
 F = Vault count percentage of total count
                 A         B        C        D         E       F
            +---------+---------+-------+---------+---------+-------
      Total |    2454 |     980 |  28.5 |     111 |      14 |  11.2
            +---------+---------+-------+---------+---------+-------
        D:1 |      12 |       0 |   0.0 |       7 |       0 |   0.0
        D:2 |      41 |      17 |  29.3 |      16 |       4 |  20.0
        D:3 |     208 |       0 |   0.0 |      25 |       0 |   0.0
        D:4 |     151 |       0 |   0.0 |       9 |       0 |   0.0
        D:5 |     340 |      36 |   9.6 |      10 |       1 |   9.1
        D:6 |     922 |     927 |  50.1 |      25 |       9 |  26.5
        D:7 |     780 |       0 |   0.0 |      19 |       0 |   0.0
            +---------+---------+-------+---------+---------+-------
